 Dungeon Crawl Stone Soup version 0.21-a0-228-g14ccbf3 (webtiles) character file.

38 Gorglomux the Changer (level 3, -2/26 HPs)
             Began as a Gnoll Transmuter on Aug 31, 2017.
             Was an Initiate of Okawaru.
             Killed by nerve-wracking pain
             ... invoked by a shadow imp
             ... summoned by Natasha
              (5 damage)
             ... on level 2 of the Dungeon.
             The game lasted 00:02:31 (1657 turns).

Gorglomux the Changer (Gnoll Transmuter)            Turns: 1657, Time: 00:02:32

Health: -2/26      AC:  5    Str:  7    XL:     3   Next: 43%
Magic:  4/8        EV: 12    Int:  7    God:    Okawaru [......]
Gold:   94         SH:  0    Dex:  7    Spells: 7/10 levels left

rFire    . . .     SeeInvis .     - Unarmed
rCold    . . .     Gourm    .   (no shield)
rNeg     . . .     Faith    .   b - +0 robe
rPois    .         Spirit   .   l - +2 helmet
rElec    .         Reflect  .   (no cloak)
rCorr    .         Harm     .   (no gloves)
MR       .....                  (no boots)
Stlth    +.........             (no amulet)
HPRegen  0.08/turn              (no ring)
MPRegen  0.11/turn              (no ring)

@: no status effects
A: unchanging attributes, fangs 1, strong nose
a: Renounce Religion


You were on level 2 of the Dungeon.
You worshipped Okawaru.
Okawaru was noncommittal.
You were very hungry.

You visited 1 branch of the dungeon, and saw 2 of its levels.

You collected 94 gold pieces.

Inventory:

Missiles
 a - 6 arrows
 k - 120 stones (quivered)
Armour
 b - a +0 robe (worn)
 l - a +2 helmet (worn)
Scrolls
 g - 2 scrolls of blinking {unknown}
 h - a scroll of fog {unknown}
 i - 2 scrolls of identify {unknown}
 j - a scroll of recharging {unknown}
 n - a scroll of remove curse {unknown}
 o - a scroll of random uselessness {unknown}
 p - 3 scrolls of teleportation {unknown}
Books
 c - a book of Changes

   Spells                             Type                      Level
   a - Beastly Appendage              Transmutation                1
   b - Sticks to Snakes               Transmutation                2
   c - Spider Form                    Transmutation/Poison         3
   d - Ice Form                       Ice/Transmutation            4
   e - Blade Hands                    Transmutation                5
Comestibles
 d - a bread ration
 q - 3 fruits


   Skills:
 - Level 1.3 Fighting
 - Level 2.6 Dodging
 - Level 4.0 Unarmed Combat
 + Level 4.0 Spellcasting
 + Level 4.1 Transmutations


You had 7 spell levels left.
You knew the following spells:

 Your Spells              Type           Power        Failure   Level  Hunger
a - Beastly Appendage     Tmut           #.....       5%          1    ##.....
b - Sticks to Snakes      Tmut           #.......     9%          2    ###....


Dungeon Overview and Level Annotations

Branches:
Dungeon (2/15)

Altars:
Okawaru

Annotations:
D:2 Natasha


Innate Abilities, Weirdness & Mutations

Your physical attributes are unchanging.
You have very sharp teeth.
Your uncanny sense of smell can sniff out nearby items.


Message History

Confirm with ! or Enter, or press ? or * to list all spells!
You create a snake!!!
You now have 6 arrows!
The bat hits you but does no damage! The bat hits your ball python!
Natasha claws you!!!
Your ball python bites the bat!
Your ball python butts the bat!
Your ball python constricts the bat!
The bat misses you! The bat hits you butt does no damage!
The bat struggles to escape constriction!
Your ball python bites the bat!
The bat dies!!!
Okawaru roars: ANNIHILATED!
Natasha casts a spell at butt!
The magic dart hits you!!! * * * don't die
* * * Your ball python barely misses the shadow imp!
Your ball python closely misses the shadow butt!
Natasha barely misses your ball python! The shadow imp gestures at you!
Pain shoots through your body!!! rip

#.## #.##.#####
#..###### #.##......
#.#....# #.########
#.#....# #.#
#.#....####'########
#5h....##..........#
##5S...##..........#
#S....##..........#
##@...##..........#
#....##..........#
#....##..........#
#....##..........#
##'####...........
#..# ###'######..
##.## #.# #.. #..#
#.# #.. ##.####.#
#..


You could see Natasha, 2 shadow imps and 2 friendly ball pythons.

Vanquished Creatures
  An adder (D:2)
  A dart slug (D:1)
  A ball python (D:1)
  2 giant cockroaches
  A hobgoblin (D:1)
  7 bats
  3 frilled lizards (D:1)
  2 goblins (D:1)
  3 kobolds (D:1)
  6 rats
27 creatures vanquished.

Vanquished Creatures (collateral kills)
  A bat (D:2)
1 creature vanquished.

Grand Total: 28 creatures vanquished

Notes
Turn   | Place    | Note
-------+----------+-------------------------------------------
     0 | D:1      | Gorglomux the Gnoll Transmuter began the quest for the Orb.
     0 | D:1      | Reached XP level 1. HP: 15/15 MP: 4/4
   239 | D:1      | Reached skill level 3 in Transmutations
   277 | D:1      | Reached XP level 2. HP: 19/21 MP: 4/6
   436 | D:1      | Learned a level 2 spell: Sticks to Snakes
  1151 | D:2      | Reached XP level 3. HP: 25/26 MP: 8/8
  1191 | D:2      | Found an iron altar of Okawaru.
  1227 | D:2      | Became a worshipper of Warmaster Okawaru
  1645 | D:2      | Noticed Natasha
  1657 | D:2      | Killed from afar by a shadow imp

Vault maps used:
D:1:      dpeg_arrival_lava_altar, hangedman_decor_growths, minmay_pentomino_x4
D:2:      fedhas_altar_3, lemuel_doored_altar, uniq_natasha

Skill      XL: |  1  2  3 |
---------------+----------+-----
Transmutations | 3 4 |  4.1
Spellcasting   | 4 |  4.0
Fighting       | |  1.3
Dodging        | |  2.6
Unarmed Combat | |  4.0

Action                   || total
-------------------------++-------
Melee: Unarmed           ||   138
       Bite              ||     4
       Headbutt          ||     2
       Kick              ||     3
 Cast: Beastly Appendage ||    14
       Sticks to Snakes  ||     6
  Use: Potion            ||     1
  Eat: Chunk             ||     2
Armor: Robe              ||    75
Dodge: Dodged            ||   147

Table legend:
 A = Spawn XP
 B = Non-spawn XP
 C = Spawn XP percentage of total XP
 D = Spawn monster count
 E = Non-spawn monster count
 F = Spawn count percentage of total count
 G = Total turns spent on level
                    A         B        C        D         E        F      G
               +---------+---------+-------+---------+---------+-------+---------
         Total |      18 |      37 |  32.7 |       4 |      24 |  14.3 |  1657
               +---------+---------+-------+---------+---------+-------+---------
           D:1 |       3 |      30 |   9.1 |       2 |      20 |   9.1 |  1132
           D:2 |      15 |       7 |  68.2 |       2 |       4 |  33.3 |   525
               +---------+---------+-------+---------+---------+-------+---------
